 Dungeon Crawl Stone Soup version 0.22-a0-268-g1cc83ef (webtiles) character file.

173729 Zwobot the Arsonist (level 17, -12/117 HPs)
             Began as an Octopode Enchanter on Mar 9, 2018.
             Was the Champion of Ru.
             Killed from afar by a deep troll earth mage (21 damage)
             ... with a blast of rock fragments
             ... led by an ironheart preserver
             ... on level 1 of the Vaults.
             The game lasted 04:10:07 (55761 turns).

Zwobot the Arsonist (Octopode Enchanter)           Turns: 55761, Time: 04:10:08

Health: -12/117    AC:  2    Str:  9 (10) XL:     17   Next: 77%
Magic:  25/36      EV: 45    Int: 32      God:    Ru [******]
Gold:   446        SH: 13    Dex: 28      Spells: 12/34 levels left

rFire    + . .     SeeInvis +   Z - +1 short sword (distort)
rCold    . . .     Gourm    .   C - +2 shield
rNeg     + + +     Faith    .   r - +0 hat of Disguise {rN+++}
rPois    .         Spirit   .   D - amulet of the acrobat
rElec    .         Reflect  .   e - +4 ring of evasion
rCorr    +         Harm     .   L - ring of wizardry
MR       .....                  t - ring of Joag {rCorr rF+ Int+6}
Stlth    ++++++....             Q - +1 ring of protection
HPRegen  0.29/turn              S - ring of see invisible
MPRegen  0.25/turn              O - ring of magical power
                                X - ring "Nehoops" {Str+2 Dex+5 Slay+2}
                                G - +3 ring of dexterity

@: brilliant, agile, vulnerable, marked, hasted, heavily drained, very quick
A: almost no armour, stealthy swim, amphibious, 8 rings, constrict 8, camouflage
1, low mp 1, gelatinous body 1, inability to use devices, hated by all, no ice
magic, no necromancy magic, no summoning magic, unskilled 1, missing an eye
}: 1/15 runes: gossamer
a: Draw Out Power, Power Leap, Apocalypse, Renounce Religion


You were on level 1 of the Vaults.
You worshipped Ru.
Ru was exalted by your worship.
You were hungry.

You visited 7 branches of the dungeon, and saw 31 of its levels.

You collected 2334 gold pieces.
You spent 1888 gold pieces at shops.

Inventory:

Hand Weapons
 h - a +1 vampiric broad axe
 T - a +3 dagger
 Z - a +1 short sword of distortion (weapon)
Missiles
 d - 641 stones (quivered)
 W - 3 needles of confusion
Armour
 r - the +0 hat of Disguise (worn) {rN+++}
   (You bought it in a shop on level 2 of the Orcish Mines)

   It renders you almost immune to negative energy.
 C - a +2 shield (worn)
Magical Staves
 b - an uncursed staff of fire
 I - an uncursed staff of earth
Jewellery
 e - a +4 ring of evasion (left tentacle)
 t - the ring of Joag (on tentacle) {rCorr rF+ Int+6}
   (You bought it in a shop on level 2 of the Orcish Mines)

   [ring of resist corrosion]

   It affects your intelligence (+6).
   It protects you from fire.
 w - an uncursed ring of positive energy
 x - a +4 ring of strength
 y - an uncursed ring of positive energy
 D - an amulet of the acrobat (around mantle)
 G - a +3 ring of dexterity (on tentacle)
 L - a ring of wizardry (right tentacle)
 M - an uncursed ring of fire
 O - a ring of magical power (on tentacle)
 Q - a +1 ring of protection (on tentacle)
 S - a ring of see invisible (on tentacle)
 U - an uncursed ring of fire
 X - the ring "Nehoops" (on tentacle) {Str+2 Dex+5 Slay+2}
   (You bought it in a shop on level 9 of the Dungeon)

   [ring of slaying]

   It affects your strength (+2).
   It affects your dexterity (+5).
   It affects your accuracy and damage with ranged weapons and melee attacks
   (+2).
Scrolls
 f - 2 scrolls of magic mapping
 g - 8 scrolls of teleportation
 j - 2 scrolls of identify
 m - a scroll of immolation
 n - 3 scrolls of fog
 o - 9 scrolls of amnesia
 J - 10 scrolls of remove curse
Potions
 i - 3 potions of flight
 q - 3 potions of haste
 u - a potion of invisibility
 v - 3 potions of might
 z - 2 potions of magic
 B - 4 potions of mutation
 E - 2 potions of cancellation
 P - a potion of ambrosia
Comestibles
 c - 2 rations


   Skills:
 - Level 11.3(8.1) Fighting
 - Level 8.0(5.0) Short Blades
 - Level 11.9(8.6) Dodging
 - Level 9.0(5.9) Stealth
 + Level 10.2(7.0) Shields
 - Level 9.0(6.0) Spellcasting
 - Level 12.0(8.7) Conjurations
 - Level 5.4(2.6) Hexes
 - Level 12.0(8.7) Fire Magic


You had 12 spell levels left.
You knew the following spells:

 Your Spells              Type           Power        Failure   Level  Hunger
a - Confuse               Hex            #####...     1%          3    None
b - Sticky Flame          Conj/Fire      ######..     1%          4    ##.....
c - Dazzling Spray        Conj/Hex       ######       1%          3    None
d - Inner Flame           Hex/Fire       ######..     1%          3    None
e - Conjure Flame         Conj/Fire      ######..     1%          3    None
f - Corona                Hex            #####..      1%          1    None
g - Fireball              Conj/Fire      ######....   1%          5    #####..


Dungeon Overview and Level Annotations

Branches:
Dungeon (15/15)            Temple (0/1) D:6            Lair (6/6) D:10
 Shoals (2/4) Lair:3       Spider (4/4) Lair:3        Slime (0/5) Lair:5
    Orc (2/2) D:11            Elf (1/3) Orc:2        Vaults (1/5) D:13
 Depths: D:15

Altars:
Dithmenos
Elyvilon
Fedhas
Hepliaklqana
Nemelex Xobeh
Okawaru
Ru
Trog
Vehumet
Wu Jian
Beogh
Jiyva

Shops:
D:9 =   Orc:2 [=(*   Vaults:1 :}

Annotations:
D:3 1 exclusion, Tovarisch's ghost, amateur DsNe
D:6 exclusion: phantom
D:8 Pikel
D:10 exclusion: downstairs
D:11 exclusion: cyclops
Spider:1 exclusion: 2 downstairs
Vaults:1 Nikola


Innate Abilities, Weirdness & Mutations

You cannot wear most types of armour.
You are very stealthy in the water. (Stealth+)
You are amphibious.
You can wear up to eight rings at the same time.
You can use your tentacles to constrict eight enemies at once.
Your skin changes colour to match your surroundings (Stealth+).
Your magical capacity is low. (-10% MP)
Your rubbery body absorbs attacks. (AC +1, EV +1)
You cannot study or use magical devices.
You are hated by all.
You cannot study or cast Ice magic.
You cannot study or cast Necromancy magic.
You cannot study or cast Summoning magic.
You are somewhat unskilled. (-1 Apt)
You are missing an eye, making it more difficult to aim.


Message History

The deep troll earth mage begins to cast a spell, but is stunned by your will!
An ice dragon comes into view.
The ironbrand convoker begins to recite a word of recall!
Unknown command.
Casting: Sticky Flame (safe; 1% risk of failure)
Confirm with . or Enter, or press ? or * to list all spells.
Aiming: Fireball (safe; 1% risk of failure)
Press: ? - help, Shift-Dir - straight line
Okay, then.
You feel agile all of a sudden.
Nikola falters for a moment.
The ice dragon breathes frost at you. The blast of cold hits you!
* * * LOW HITPOINT WARNING * * *
You focus your will and paralyse the ice dragon in retribution!
The vault sentinel begins to cast a spell, but is stunned by your will!
You feel less exhausted.
The deep troll earth mage casts a spell at you.
The door shatters!
The blast of rock fragments hits you!
You die...

******+******************+*******
*,,,,,,.%.............,,,,,,,,,,,
*,,,,,,...............,,,,,,,,,,,
*,,,,,,...............,,,,,,,,,,,
*,,,,,,...............,,,,,,,,,,,
*,,,,,,.............,,,,,,,,,,,,,
*,,,,,,,...p....D.,,,,,,,,,,,,,,,
*,,********#...)#######**********
*,,*,,,,,,,#..∩.@.....#**********
*,,*,,,,,,,#....#)....#,*,*,*,*,*
*,,*,,,,,,,#..OT#..∩..+,,,,,,,,,,
*,,*,,.O@,,#...O#...).#,*,*,*,*,*
*,,*,,.pT.,#....#.....#**********
*,,*,,,..O,#....#######**********
*,,**####'##@..T.......,,,,,,,,,,
*,,,,......T.p.........,,,,,,,,,,
*,,,,........§c§..!....,,,,,,,,,,


You could see Nikola, a two-headed ogre, 2 deep trolls, a vault sentinel, an
ironbrand convoker, a deep troll earth mage and an ogre.

Vanquished Creatures
  Rupert (D:13)
  An orc warlord (Orc:2)
  4 emperor scorpions
  2 ghost moths (Spider:4)
  2 entropy weavers
  4 spark wasps
  A fire dragon (Lair:6)
  3 ogre magi
  A great orb of eyes (Vaults:1)
  Fannar (D:11)
  3 vault guards (D:13)
  9 hydras
  2 centaur warriors (D:14)
  7 two-headed ogres
  8 death yaks (Lair:4)
  2 orc high priests (Orc:2)
  An unseen horror (D:10)
  A skeletal warrior (D:14)
  A swamp dragon (Lair:6)
  6 necromancers (D:13)
  6 orc knights
  3 deep elf magi
  20 orb spiders
  33 wolf spiders
  4 ugly things
  3 manticores
  4 orc sorcerers
  2 cyclopes
  2 moths of wrath
  Maurice (D:13)
  A merfolk siren (Shoals:1)
  5 torpor snails
  3 black mambas
  6 elephants (Lair:6)
  7 spiny frogs
  3 gargoyles
  3 rime drakes
  A kobold demonologist (D:13)
  An efreet (D:15)
  A freezing wraith (D:14)
  8 komodo dragons
  13 demonic crawlers
  A tengu conjurer (D:15)
  8 trolls
  29 jumping spiders
  10 polar bears
  2 merfolk
  Prince Ribbit (D:8)
  8 hornets
  10 blink frogs
  5 dream sheep (Lair:6)
  9 hippogriffs
  9 slime creatures
  A raiju (Lair:6)
  3 wraiths
  37 redbacks
  2 wyverns
  2 shadows (D:12)
  A steam dragon (Lair:6)
  21 tarantellas
  4 dancing weapons
  61 yaks
  15 humans (D:13)
  4 hungry ghosts
  4 basilisks
  11 wargs
  3 acid dragons
  16 hell hounds
  7 water moccasins
  9 porcupines
  2 slaves
  2 swamp drakes (Lair:6)
  27 orc warriors
  3 phantoms
  12 black bears
  10 ice beasts
  2 eyes of draining
  14 ogres
  A sky beast (D:12)
  A boggart (D:13)
  18 wolves
  20 centaurs
  10 crocodiles
  2 big kobolds
  12 bullfrogs
  Blork the orc (Orc:2)
  A wyvern skeleton (D:6)
  10 scorpions
  17 killer bees
  12 wights
  6 howler monkeys
  4 crimson imps
  6 centaur zombies
  2 bullfrog zombies
  4 quasits
  5 centaur skeletons
  7 jellies
  2 bullfrog skeletons
  17 orc priests
  12 hounds
  24 orc wizards
  Jessica (D:3)
  6 iguanas
  14 worker ants
  2 hound zombies
  A hound skeleton (D:4)
  2 worker ant zombies (D:11)
  A howler monkey skeleton (D:9)
  4 gnolls (D:6)
  15 adders
  2 shadow imps
  2 oozes (D:3)
  An adder skeleton (D:4)
  4 worms
  2 dart slugs
  10 leopard geckos
  80 orcs
  4 ball pythons
  9 giant cockroaches
  5 hobgoblins
  7 jackals
  17 kobolds
  8 quokkas
  7 bats
  7 frilled lizards
  4 goblins
  5 rats
  A bush (Lair:6)
  14 fungi
  11 plants
995 creatures vanquished.

Vanquished Creatures (collateral kills)
  A two-headed ogre (D:10)
  An orc warrior (D:11)
  An ogre (D:9)
  2 orcs
5 creatures vanquished.

Vanquished Creatures (others)
  Arachne (Spider:4)
  2 ghost moths (Spider:4)
  A wizard (D:11)
  An orb spider (Spider:2)
  7 wolf spiders (Spider:4)
  4 demonic crawlers
  A hornet (Spider:4)
  A jumping spider (Spider:4)
  3 redbacks (Spider:3)
  3 tarantellas
  7 dancing weapons
  An orc priest (Orc:2)
  2 orcs
  10 fungi
  27 plants
71 creatures vanquished.

Grand Total: 1071 creatures vanquished

Notes
Turn   | Place    | Note
-------+----------+-------------------------------------------
     0 | D:1      | Zwobot the Octopode Enchanter began the quest for the Orb.
     0 | D:1      | Reached XP level 1. HP: 11/11 MP: 3/3
   244 | D:1      | Reached XP level 2. HP: 8/17 MP: 5/5
   503 | D:1      | Learned a level 2 spell: Ensorcelled Hibernation
  1390 | D:1      | Reached XP level 3. HP: 21/21 MP: 6/6
  2220 | D:2      | Reached skill level 1 in Ice Magic
  2413 | D:2      | Learned a level 3 spell: Confuse
  2428 | D:2      | Reached XP level 4. HP: 27/27 MP: 1/7
  3173 | D:3      | Reached XP level 5. HP: 24/31 MP: 1/8
  3284 | D:3      | Learned a level 3 spell: Tukima's Dance
  3462 | D:3      | Noticed Tovarisch's ghost (amateur DsNe)
  3490 | D:3      | Reached skill level 5 in Stealth
  3935 | D:3      | Noticed Jessica
  4146 | D:4      | Reached XP level 6. HP: 25/36 MP: 4/10
  4245 | D:4      | Found a hazy altar of Hepliaklqana.
  4529 | D:4      | Found a white marble altar of Elyvilon.
  5136 | D:4      | Reached XP level 7. HP: 31/41 MP: 0/12
  5245 | D:4      | Found a bloodstained altar of Trog.
  5368 | D:5      | Entered Level 5 of the Dungeon
  6002 | D:5      | Reached skill level 1 in Fighting
  6542 | D:5      | Found an iron altar of Okawaru.
  6860 | D:3      | Reached XP level 8. HP: 40/48 MP: 3/14
  6862 | D:3      | Killed Jessica
  7010 | D:3      | Found a sacrificial altar of Ru.
  7285 | D:3      | Became a worshipper of Ru the Awakened
  8085 | D:5      | Reached skill level 5 in Hexes
  8479 | D:6      | Noticed a wyvern
  8516 | D:6      | Killed a wyvern
  9051 | D:6      | Found a staircase to the Ecumenical Temple.
  9329 | D:6      | Reached XP level 9. HP: 56/56 MP: 12/16
  9343 | D:6      | Learned a level 3 spell: Conjure Flame
  9355 | D:6      | Found a radiant altar of Vehumet.
  9374 | D:6      | Found a shadowy altar of Dithmenos.
  9461 | D:6      | Found a blossoming altar of Fedhas.
  9668 | D:6      | Gained mutation: You are missing an eye, making it more difficult to aim. [Ru sacrifice]
  9668 | D:6      | Reached * piety under Ru
  9781 | D:7      | Reached skill level 1 in Conjurations
  9781 | D:7      | Reached skill level 1 in Fire Magic
 10232 | D:7      | Learned a level 4 spell: Sticky Flame
 10241 | D:7      | Found a transporter.
 10857 | D:7      | Noticed a two-headed ogre
 11044 | D:8      | Noticed Prince Ribbit
 11120 | D:8      | Killed Prince Ribbit
 11120 | D:8      | Reached skill level 5 in Dodging
 11392 | D:8      | Reached skill level 5 in Short Blades
 11941 | D:8      | Noticed a two-headed ogre
 11943 | D:8      | Gained mutation: You cannot study or cast Ice magic. [Ru sacrifice]
 11943 | D:8      | Gained mutation: You cannot study or cast Necromancy magic. [Ru sacrifice]
 11943 | D:8      | Gained mutation: You cannot study or cast Summoning magic. [Ru sacrifice]
 11943 | D:8      | Reached ** piety under Ru
 11952 | D:8      | Killed a two-headed ogre
 11952 | D:8      | Reached skill level 5 in Spellcasting
 11952 | D:8      | Reached XP level 10. HP: 45/63 MP: 4/17
 12189 | D:8      | Found a sparkling altar of Nemelex Xobeh.
 12633 | D:8      | Noticed Pikel
 13227 | D:9      | Found an ornate altar of the Wu Jian Council.
 13744 | D:9      | Reached skill level 5 in Fighting
 14500 | D:9      | Found Kujag's Jewellery Shop.
 14533 | D:9      | Bought a +1 ring of protection for 45 gold pieces
 14533 | D:9      | Bought an uncursed ring of see invisible for 225 gold pieces
 14762 | D:10     | Entered Level 10 of the Dungeon
 14800 | D:10     | Reached XP level 11. HP: 65/74 MP: 0/18
 15098 | D:10     | Gained mutation: You cannot study or use magical devices. [Ru sacrifice]
 15098 | D:10     | Reached *** piety under Ru
 15098 | D:10     | Reached **** piety under Ru
 15128 | D:10     | Noticed a two-headed ogre
 15156 | D:10     | Killed a two-headed ogre
 15421 | D:10     | Noticed a two-headed ogre
 15460 | D:10     | Killed a two-headed ogre
 15745 | D:10     | Noticed an unseen horror
 15759 | D:10     | Killed an unseen horror
 16583 | D:10     | Found a staircase to the Lair.
 17030 | D:11     | Noticed a cyan ugly thing
 17042 | D:11     | Found a staircase to the Orcish Mines.
 17122 | D:11     | Found a roughly hewn altar of Beogh.
 17231 | D:10     | Learned a level 3 spell: Dazzling Spray
 17933 | D:11     | Noticed Fannar
 17944 | D:11     | Killed Fannar
 18385 | D:11     | Killed a cyan ugly thing
 18385 | D:11     | Reached skill level 5 in Conjurations
 18400 | D:11     | Reached skill level 5 in Fire Magic
 18522 | D:11     | Reached skill level 10 in Dodging
 18522 | D:11     | Reached XP level 12. HP: 85/85 MP: 11/20
 18574 | D:11     | Found a bloodstained altar of Trog.
 18651 | D:11     | Gained mutation: Your magical capacity is low. (-10% MP) [Ru sacrifice]
 18651 | D:11     | Reached ***** piety under Ru
 18683 | D:11     | Got a slimy quarterstaff
 19099 | Lair:1   | Entered Level 1 of the Lair of Beasts
 19106 | Lair:1   | Learned a level 5 spell: Fireball
 20356 | Lair:2   | Noticed an eight-headed hydra
 20392 | Lair:2   | Killed an eight-headed hydra
 20515 | Lair:2   | Noticed a four-headed hydra
 20816 | Lair:2   | Gained mutation: You are hated by all. [Ru sacrifice]
 21047 | Lair:2   | Killed a four-headed hydra
 21593 | Lair:3   | Noticed a four-headed hydra
 21648 | Lair:3   | Killed a four-headed hydra
 22187 | Lair:3   | Found a hole to the Spider Nest.
 22193 | Lair:3   | Reached XP level 13. HP: 92/92 MP: 20/20
 22372 | Lair:3   | Found a staircase to the Shoals.
 23678 | Lair:4   | Gained mutation: You are somewhat unskilled. (-1 Apt) [Ru sacrifice]
 23678 | Lair:4   | Reduced skill Short Blades to level 5
 23678 | Lair:4   | Reduced skill Hexes to level 5
 23678 | Lair:4   | Reached ****** piety under Ru
 23833 | Lair:4   | Reached skill level 10 in Dodging
 26033 | Lair:5   | Found a viscous altar of Jiyva.
 26033 | Lair:5   | Found a staircase to the Slime Pits.
 26536 | Lair:5   | Reached XP level 14. HP: 97/97 MP: 9/21
 26756 | Lair:6   | Entered Level 6 of the Lair of Beasts
 31459 | Lair:6   | Reached skill level 10 in Fighting
 31695 | D:9      | Bought the ring "Nehoops" {Str+2 Dex+5 Slay+2} for 640 gold pieces
 31726 | Orc:1    | Entered Level 1 of the Orcish Mines
 32398 | Orc:2    | Entered Level 2 of the Orcish Mines
 32978 | Orc:2    | Found a staircase to the Elven Halls.
 32989 | Elf:1    | Entered Level 1 of the Elven Halls
 33532 | Orc:2    | Noticed an orc warlord
 33532 | Orc:2    | Noticed Blork the orc
 33534 | Orc:2    | Found a roughly hewn altar of Beogh.
 33535 | Orc:2    | Killed Blork the orc
 33535 | Orc:2    | Reached XP level 15. HP: 100/103 MP: 23/23
 34202 | Orc:2    | Killed an orc warlord
 34465 | Orc:2    | Found Natygema's Jewellery Shop.
 34467 | Orc:2    | Found Puodghyn's General Store.
 34494 | Orc:2    | Found Dianiguz's Antique Armour Shop.
 34515 | Orc:2    | Reached skill level 10 in Conjurations
 34656 | Orc:2    | Found Golilola's Antique Weapon Shop.
 34688 | Orc:2    | Bought a slimy hat for 279 gold pieces
 34693 | Orc:2    | Identified the cursed +0 hat of Disguise {rN+++} (You bought it in a shop on level 2 of the Orcish Mines)
 34976 | Orc:1    | Reached skill level 10 in Fire Magic
 35444 | Orc:2    | Bought the ring of Joag {rCorr rF+ Int+6} for 699 gold pieces
 37146 | D:13     | Noticed Maurice
 37153 | D:13     | Killed Maurice
 38943 | D:13     | Noticed Rupert
 39137 | D:13     | Found a gate to the Vaults.
 39631 | D:13     | Killed Rupert
 40465 | D:14     | Reached XP level 16. HP: 107/111 MP: 25/25
 41306 | D:15     | Entered Level 15 of the Dungeon
 41726 | Spider:1 | Entered Level 1 of the Spider Nest
 43164 | Spider:1 | Learned a level 3 spell: Inner Flame
 47902 | Spider:4 | Entered Level 4 of the Spider Nest
 47933 | Spider:4 | Reached skill level 1 in Shields
 49391 | Spider:4 | Reached XP level 17. HP: 22/117 MP: 16/27
 50464 | Spider:3 | Reached skill level 5 in Shields
 52816 | Spider:4 | Noticed Arachne
 52881 | Spider:4 | Killed Arachne
 54854 | Spider:4 | Got a gossamer rune of Zot
 55084 | Shoals:1 | Entered Level 1 of the Shoals
 55467 | Vaults:1 | Entered Level 1 of the Vaults
 55471 | Vaults:1 | Found Xaf Qinn's Gadget Shop.
 55478 | Vaults:1 | Found Niss's Book Shoppe.
 55487 | Vaults:1 | Reached skill level 10 in Shields
 55714 | Vaults:1 | Noticed Nikola
 55761 | Vaults:1 | Killed from afar by a deep troll earth mage

Vault maps used:
D:1:      elethiomel_arrival_fortress_basement
D:3:      hangedman_ru_absence, first_ration, st_stairs_3, nrook_mini_backslash,
          uniq_jessica
D:4:      nicolae_overflow_hidden_temple, marbit_many_paths, elyvilon_altar_3
D:5:      lemuel_crystal_altar, minmay_door_square
D:6:      lemuel_coloured_pillars_altar, vehumet_altar_wand_db,
          minmay_temple_entry_hall, grunt_dithmenos_smoke_and_mirrors
D:7:      gammafunk_the_bubble
D:8:      nemelex_xobeh_ov_fountains_minmay, uniq_pikel, uniq_prince_ribbit1
D:9:      lemuel_doored_altar, serial_shops, nicolae_shop_waterfront
D:10:     minmay_lair_entry_lava, hangedman_fish_farm
D:11:     minmay_orc_entry_temple_small, trog_wizard, uniq_fannar
D:13:     grunt_vaults_entry_tiered, small_chamber_with_monster, uniq_maurice,
          uniq_rupert
D:15:     grunt_enter_depths_giant_problem, minivault_19, minmay_curled_crystal
Lair:1:   beast_lair_carwin_large_3
Lair:3:   shoals_dummy_entry, spider_nest_entry_a
Lair:4:   beast_lair_carwin_8, grunt_megastairs_2
Lair:5:   slime_altar_1, beast_lair_carwin_9
Lair:6:   guppyfry_lair_end_dragon, hangedman_lair_caniforms_friends
Spider:1: hangedman_spider_mandibles
Spider:4: johnstein_spider_rune_arachne_lair
Orc:2:    grunt_orc_cross
Elf:1:    minmay_elf_sorcery, st_stairs_5, grunt_ministairs_8,
          hangedman_elf_power_crystal, minmay_misc_feat_diagonals, uniq_azrael
Vaults:1: nicolae_vaults_angled_halls, serial_ice_g, v_misc_1,
          nicolae_vaults_back_hallway, nicolae_vaults_twisting_passages,
          nicolae_vaults_branching_niches, v_misc_10,
          nicolae_vaults_yaktaur_gun_rack, nicolae_vaults_little_squares_5,
          serial_shops, shop, nicolae_shop_temple_entry_statues_fountains, shop,
          uniq_nikola

Skill      XL: |  1  2  3  4  5  6  7  8  9 10 11 12 13 14 15 16 17 |
---------------+----------------------------------------------------+-----
Ice Magic      | 1 2 3 0 |  0.0
Short Blades   | 2 3 4 5 6 8 |  8.0
Hexes          | 4 5 6 5 |  5.4
Stealth        | 5 6 7 8 9 9 |  9.0
Spellcasting   | 3 4 5 6 7 8 9 |  9.0
Fighting       | 1 3 6 9 10 11 | 11.3
Dodging        | 3 5 8 10 10 11 | 11.9
Conjurations   | 4 5 7 8 9 11 12 | 12.0
Fire Magic     | 4 5 7 8 9 10 12 | 12.0
Shields        | 3 10 | 10.2

Action                   |  1- 3 |  4- 6 |  7- 9 | 10-12 | 13-15 | 16-18 || total
-------------------------+-------+-------+-------+-------+-------+-------++-------
Melee: Dagger            |    76 |    90 |   202 |   570 |   811 |   123 ||  1872
       Constrict         |    16 |    12 |    34 |    68 |    98 |   122 ||   350
       Tentacles         |     7 |     9 |    33 |    95 |   211 |   208 ||   563
       Short sword       |       |       |    25 |       |    32 |   575 ||   632
 Fire: Shortbow          |       |       |       |     8 |       |       ||     8
       Blowgun           |       |       |       |       |       |     3 ||     3
Throw: Stone             |     2 |     5 |     4 |     2 |    31 |     3 ||    47
       Throwing net      |       |       |       |       |       |     8 ||     8
 Cast: Ensorcelled Hiber |    10 |    29 |    82 |       |       |       ||   121
       Confuse           |     1 |     4 |    32 |   110 |    91 |   176 ||   414
       Tukima's Dance    |       |     5 |     7 |    20 |     5 |       ||    37
       Corona            |       |     2 |     1 |       |    11 |       ||    14
       Conjure Flame     |       |       |    10 |    16 |    15 |    18 ||    59
       Sticky Flame      |       |       |     1 |    53 |   168 |   159 ||   381
       Dazzling Spray    |       |       |       |     1 |     3 |       ||     4
       Fireball          |       |       |       |     9 |   122 |    30 ||   161
       Inner Flame       |       |       |       |       |       |     2 ||     2
Invok: Sacrifice Arcana  |       |       |     1 |       |       |       ||     1
       Sacrifice an Eye  |       |       |     1 |       |       |       ||     1
       Draw Out Power    |       |       |       |     6 |     1 |    15 ||    22
       Sacrifice Artific |       |       |       |     1 |       |       ||     1
       Apocalypse        |       |       |       |     3 |    12 |     9 ||    24
       Sacrifice Essence |       |       |       |     1 |       |       ||     1
       Sacrifice Love    |       |       |       |     1 |       |       ||     1
       Sacrifice Skill   |       |       |       |       |     1 |       ||     1
Evoke: Wand              |       |       |    14 |    13 |       |       ||    27
  Use: Scroll            |       |     8 |     4 |    13 |    10 |    13 ||    48
       Potion            |       |     1 |     4 |     2 |     2 |    20 ||    29
 Stab: Sleeping          |    22 |    33 |    57 |    37 |    19 |    10 ||   178
       Confused          |       |     2 |     6 |    31 |    33 |    54 ||   126
       Distracted        |       |     1 |       |     1 |    14 |     5 ||    21
       Invisible         |       |       |     1 |     3 |    12 |    14 ||    30
       Paralysed         |       |       |       |     2 |    15 |     9 ||    26
       Held in net/web   |       |       |       |       |       |     1 ||     1
  Eat: Chunk             |     5 |     7 |    12 |    27 |    67 |    19 ||   137
       Ration            |       |     1 |     5 |     7 |    12 |    12 ||    37
Armor: Skin              |    14 |     3 |    19 |   105 |    28 |    34 ||   203
Dodge: Dodged            |    50 |    54 |   108 |   270 |   632 |   853 ||  1967
Block: Shield            |       |       |       |       |       |   282 ||   282

Table legend:
 A = Spawn XP
 B = Non-spawn XP
 C = Spawn XP percentage of total XP
 D = Spawn monster count
 E = Non-spawn monster count
 F = Spawn count percentage of total count
 G = Total turns spent on level
                    A         B        C        D         E        F      G
               +---------+---------+-------+---------+---------+-------+---------
         Total |       0 |  229613 |   0.0 |       0 |     995 |   0.0 | 55761
               +---------+---------+-------+---------+---------+-------+---------
           D:1 |       0 |      55 |   0.0 |       0 |      25 |   0.0 |  1984
           D:2 |       0 |      53 |   0.0 |       0 |      25 |   0.0 |   781
           D:3 |       0 |     268 |   0.0 |       0 |      28 |   0.0 |  1749
           D:4 |       0 |     379 |   0.0 |       0 |      21 |   0.0 |  1838
           D:5 |       0 |    1101 |   0.0 |       0 |      37 |   0.0 |  1754
           D:6 |       0 |     667 |   0.0 |       0 |      16 |   0.0 |  1628
           D:7 |       0 |    1005 |   0.0 |       0 |      26 |   0.0 |  1482
           D:8 |       0 |    1825 |   0.0 |       0 |      19 |   0.0 |  1909
           D:9 |       0 |    3833 |   0.0 |       0 |      36 |   0.0 |  1652
          D:10 |       0 |    5026 |   0.0 |       0 |      42 |   0.0 |  2930
          D:11 |       0 |    6373 |   0.0 |       0 |      55 |   0.0 |  2720
          D:12 |       0 |    5328 |   0.0 |       0 |      36 |   0.0 |  1422
          D:13 |       0 |   23285 |   0.0 |       0 |      76 |   0.0 |  2650
          D:14 |       0 |    7996 |   0.0 |       0 |      27 |   0.0 |  1411
          D:15 |       0 |    3488 |   0.0 |       0 |       7 |   0.0 |   181
        Lair:1 |       0 |    2638 |   0.0 |       0 |      19 |   0.0 |  1396
        Lair:2 |       0 |    4958 |   0.0 |       0 |      16 |   0.0 |  1150
        Lair:3 |       0 |    5060 |   0.0 |       0 |      17 |   0.0 |  1259
        Lair:4 |       0 |   12101 |   0.0 |       0 |      24 |   0.0 |  2852
        Lair:5 |       0 |   11340 |   0.0 |       0 |      39 |   0.0 |  1575
        Lair:6 |       0 |   21350 |   0.0 |       0 |      98 |   0.0 |  4477
      Shoals:1 |       0 |     779 |   0.0 |       0 |       2 |   0.0 |   214
      Spider:1 |       0 |    9013 |   0.0 |       0 |      26 |   0.0 |  3204
      Spider:2 |       0 |   15731 |   0.0 |       0 |      33 |   0.0 |  1619
      Spider:3 |       0 |   19678 |   0.0 |       0 |      57 |   0.0 |  4453
      Spider:4 |       0 |   43778 |   0.0 |       0 |      85 |   0.0 |  4041
         Orc:1 |       0 |    5403 |   0.0 |       0 |      31 |   0.0 |  1234
         Orc:2 |       0 |   14053 |   0.0 |       0 |      63 |   0.0 |  2075
         Elf:1 |       0 |     572 |   0.0 |       0 |       1 |   0.0 |     5
      Vaults:1 |       0 |    2477 |   0.0 |       0 |       8 |   0.0 |   114
               +---------+---------+-------+---------+---------+-------+---------
